[Event "Early-Titled-Tuesday-Blitz-April-02-2024"]
[Site "Chess.com"]
[Date "2024.04.02"]
[Round "8"]
[White "Iball95"]
[Black "Witik"]
[Result "0-1"]
[WhiteElo "2931"]
[BlackElo "2803"]
[TimeControl "180+1"]
[EndTime "9:28:07 PDT"]
[Termination "Witik won by checkmate"]

1. e4 e5 2. Nf3 Nc6 3. Nc3 Nf6 4. Bb5 Nd4 5. Nxd4 exd4 6. e5 dxc3 7. exf6 Qxf6 8. dxc3 Bc5 9. O-O O-O 10. Bd3 h6 11. a4 d5 12. Qd2 Bd6 13. Qe2 Qh4 14. h3 Bd7 15. Qf3 c6 16. Re1 Rae8 17. Be3 a6 18. a5 f5 19. Bd4 Re4 20. Bxe4 fxe4 21. Qe3 Rf5 22. Rf1 Bf4 23. Qe2 Rg5 24. f3 Qxh3 25.
g4 exf3 26. Rxf3 Rxg4+ 27. Kf2 Rg2+ 28. Kf1 Qh1+ 29. Bg1 Qxg1# 0-1

[Event "Early-Titled-Tuesday-Blitz-April-02-2024"]
[Site "Chess.com"]
[Date "2024.04.02"]
[Round "8"]
[White "karinachess1"]
[Black "Mops_2004"]
[Result "0-1"]
[WhiteElo "2611"]
[BlackElo "2782"]
[TimeControl "180+1"]
[EndTime "9:28:07 PDT"]
[Termination "Mops_2004 won on time"]

1. d4 g6 2. e4 Bg7 3. Nc3 d6 4.
Bg5 a6 5. Qd2 b5 6. f4 Bb7 7.
Nf3 Nd7 8. Bd3 c5 9. d5 Ngf6 10.
a3 Qb6 11. Qf2 c4 12. Qxb6 Nxb6 13. Be2 e6 14. dxe6 Nxe4 15. Nxe4 Bxe4 16. exf7+ Kxf7 17. O-O-O Na4 18. Nd4 Bxg2 19. Rhg1 Be4 20. c3 Nc5 21.
Kd2 Rhe8 22. Rde1 Bd5 23. Bg4 Ne4+ 24. Kc2 Nf2 25. Bf3 Bxf3 26. Nxf3 Nd3 27. Rxe8 Rxe8 28. Rg2 Re3 29. Rg3 Rxf3 0-1

[Event "Early-Titled-Tuesday-Blitz-April-02-2024"]
[Site "Chess.com"]
[Date "2024.04.02"]
[Round "8"]
[White "vovachesss"]
[Black "jumpingknight20"]
[Result "0-1"]
[WhiteElo "2814"]
[BlackElo "2715"]
[TimeControl "180+1"]
[EndTime "9:28:08 PDT"]
[Termination "jumpingknight20 won on time"]

1. d4 Nf6 2. c4 e6 3. Nc3 d5 4. Nf3 Bb4 5. Qa4+ Nc6 6. Bg5 h6 7. Bxf6 Qxf6 8. e3 O-O 9. a3 Bxc3+ 10. bxc3 dxc4 11. Bxc4 e5 12. O-O Bd7 13. Qb5 a6 14. Qxb7 Na5 15. Qxc7 Nxc4 16. Qxd7 e4 17. Qd5 exf3 18. Qxc4 Qg5 19. g3 Qg4 20. Rfc1 Rfc8 21. Qf1 Rab8 22. c4 Rb2 23. c5 h5 24. h3 Qg5 25. h4 Qg4 26. c6 g5 27. Rab1 Re2 0-1

[Event "Early-Titled-Tuesday-Blitz-April-02-2024"]
[Site "Chess.com"]
[Date "2024.04.02"]
[Round "8"]
[White "Dewarfd"]
[Black "rachidhuilda"]
[Result "1-0"]
[WhiteElo "2131"]
[BlackElo "2301"]
[TimeControl "180+1"]
[EndTime "9:28:08 PDT"]
[Termination "Dewarfd won by resignation"]

1. c4 c6 2. e4 d5 3. cxd5 cxd5 4. exd5 Nf6 5. Nf3 g6 6. Nc3 Nxd5 7. d4 Bg7 8. Bc4 Nb6 9. Be2 O-O 10. O-O Nc6 11. Be3 Bf5 12. a4 Rc8 13. a5 Nd5 14. a6 b6 15. Nb5 Qd7 16. Rc1 Rfd8 17. Qb3 Na5 18. Qa3 Bg4 19. Ne5 Bxe5 20. Bxg4 Bxh2+ 21. Kxh2 Qxg4 22.
Nxa7 Ra8 23. Nc6 Nxc6 24. Rxc6 Qd7 25. Rfc1 Qa7 26. Ra1 Rdc8 27. Rxc8+ Rxc8 28. b4 b5 29. Kg1 e6 30. Bh6 Rc6 31. Rc1 Rxc1+ 32. Qxc1 f6 33.
Qc8+ Kf7 34. Qb7+ Qxb7 35. axb7 Nb6 36. b8=Q 1-0

[Event "Early-Titled-Tuesday-Blitz-April-02-2024"]
[Site "Chess.com"]
[Date "2024.04.02"]
[Round "8"]
[White "WindWhistler11"]
[Black "ritanovikova"]
[Result "1-0"]
[WhiteElo "2439"]
[BlackElo "2151"]
[TimeControl "180+1"]
[EndTime "9:28:09 PDT"]
[Termination "WindWhistler11 won by checkmate"]

1. c4 e6 2. Nc3 Nf6 3. e3 d5 4. b3 c6 5. Bb2 Be7 6. Nf3 O-O 7. Be2 Nbd7 8. d3 e5 9. Qc2 Re8 10. a3 Bf8 11. Nd2 d4 12. Nce4 Nxe4 13. Nxe4 f5 14.
Ng3 dxe3 15. fxe3 f4 16. exf4 exf4 17. Ne4 Qh4+ 18. g3 fxg3 19. O-O-O gxh2 20. Kb1 Nc5 21. Bf3 Bf5 22. Rxh2 Qf4 23. Rf2 Qe3 24. Bc1 Qd4 25.
Bb2 Qd7 26. Rg2 Bxe4 27. dxe4 Qf7 28. Rdg1 g6 29. Bh5 Re6 30. Bg4 Ree8 31. Rf2 Qe7 32.
Rxf8+ Rxf8 33. Qc3 Qxe4+ 34. Ka2 Kf7 35. Re1 Qxe1 36.
Qxe1 Rae8 37. Qf2+ Ke7 38. Qxc5+ Kd8 39. Qd6# 1-0

[Event "Early-Titled-Tuesday-Blitz-April-02-2024"]
[Site "Chess.com"]
[Date "2024.04.02"]
[Round "8"]
[White "JoliyRoger"]
[Black "FMStan15"]
[Result "1-0"]
[WhiteElo "2423"]
[BlackElo "2127"]
[TimeControl "180+1"]
[EndTime "9:28:09 PDT"]
[Termination "JoliyRoger won on time"]

1. d3 g6 2. d4 Bg7 3. c4 d6 4. Nc3 Nf6 5. Nf3 O-O 6. e4 Nbd7 7.
h3 e5 8. d5 Nc5 9. Qc2 a5 10.
Bg5 h6 11. Be3 Nh5 12. g3 b6 13. Be2 Bd7 14. Nd2 Nf6 15. g4 Nh7 16. O-O-O f5 17. gxf5 gxf5 18. Rdg1 f4 19. Bxc5 bxc5 20. Bg4 Kh8 21. Nf3 Bf6 22. Qe2 Rg8 23. Nd2 Bh4 24.
Kc2 Rg7 25. Nf3 Bf6 26. Ne1 Qe7 27. Bxd7 Qxd7 28. Qh5 Rag8 29. Rxg7 Qxg7 30. Nf3 Ng5 31. Nh4 Qh7 32. Nf5 Nxe4 33. Nxe4 Rg2 34. Qxh6 Qxh6 35.
Nxh6 1-0

[Event "Early-Titled-Tuesday-Blitz-April-02-2024"]
[Site "Chess.com"]
[Date "2024.04.02"]
[Round "8"]
[White "Misterfox120"]
[Black "kritipatel"]
[Result "1-0"]
[WhiteElo "2401"]
[BlackElo "2241"]
[TimeControl "180+1"]
[EndTime "9:28:09 PDT"]
[Termination "Misterfox120 won by checkmate"]

1. d4 d5 2. Nc3 Nf6 3. Bf4 a6 4. e3 e6 5. g4 c5 6. g5 Nfd7 7.
Nf3 Nc6 8. h4 Be7 9. h5 b5 10.
Qd2 b4 11. Ne2 a5 12. Bh3 a4 13. a3 c4 14. c3 bxa3 15. bxa3 Rb8 16. Kf1 Rb3 17.
Kg2 Bxa3 18. g6 hxg6 19. hxg6 f6 20. Bxe6 Qe7 21. Rxh8+ Nf8 22. Bxc8 Rb2 23. Qe1 Na5 24. Rb1 Nb3 25. Rxb2 Bxb2 26. Ba6 a3 27. Bb5+ Kd8 28.
Qh1 a2 29. Qh2 a1=Q 30. Bd6 Qaa7 31. Bxe7+ Kxe7 32. Nf4 Qb7 33. Qh5 Qxb5 34. Nxd5+ Kd6 35. Rxf8 Qxd5 36. Rd8+ Kc6 37. Qxd5+ Kb6 38. Rd6+ Kc7 39. Qc6+ Kb8 40. Rd8+ Ka7 41. Ra8# 1-0

[Event "Early-Titled-Tuesday-Blitz-April-02-2024"]
[Site "Chess.com"]
[Date "2024.04.02"]
[Round "8"]
[White "ChempionBg"]
[Black "AccioChess"]
[Result "1-0"]
[WhiteElo "2311"]
[BlackElo "2448"]
[TimeControl "180+1"]
[EndTime "9:28:11 PDT"]
[Termination "ChempionBg won by resignation"]

1. d4 Nf6 2. c4 g6 3. Nf3 Bg7 4. g3 O-O 5. Bg2 d6 6. O-O Nc6 7. d5 Na5 8. Nfd2 c5 9. Nc3 a6 10.
Rb1 b5 11. b3 Bd7 12. Bb2 Rb8 13. h3 bxc4 14. bxc4 Rb4 15. a3 Rxc4 16. Nxc4 Nxc4 17. Qd3 Bb5 18. Nxb5 axb5 19. Bxf6 Bxf6 20. Rxb5 Ne5 21. Qb1 Qa8 22. Qa2 h5 23. Rfb1 h4 24. g4 g5 25. a4 c4 26. a5 c3 27. a6 Nd7 28.
a7 Bd4 29. Rb7 Ne5 30. e3 Bc5 31. Rxe7 Rc8 32. Be4 Kf8 33. Rbb7 1-0

[Event "Early-Titled-Tuesday-Blitz-April-02-2024"]
[Site "Chess.com"]
[Date "2024.04.02"]
[Round "8"]
[White "zurzan"]
[Black "GoValya"]
[Result "1/2-1/2"]
[WhiteElo "2073"]
[BlackElo "2225"]
[TimeControl "180+1"]
[EndTime "9:28:11 PDT"]
[Termination "Game drawn - insufficient material"]

1. c4 c5 2. g3 Nc6 3. Bg2 g6 4.
Nc3 Bg7 5. d3 e6 6. e4 Nge7 7.
Nge2 O-O 8. O-O f5 9. a3 Nd4 10. Nxd4 cxd4 11. Ne2 Kh8 12. Rb1 d5 13. cxd5 exd5 14.
b4 dxe4 15. dxe4 fxe4 16. Bxe4 Bf5 17. Bxf5 Nxf5 18. Bb2 d3 19. Bxg7+ Nxg7 20. Nf4 Rxf4 21. gxf4 Qd6 22. Qf3 Ne6 23. Rfd1 Nxf4 24. Rb3 Rf8 25. Rbxd3 Nxd3 26. Qxd3 Qf4 27. Qd4+ Kg8 28. Qxf4 Rxf4 29. Rd7 Rf3 30. Rxb7 Rxa3 31. Kg2 Ra4 32. h4 Ra3 33.
f3 h6 34. Kg3 Ra4 35. f4 Ra3+ 36. Kg4 Ra6 37. h5 gxh5+ 38. Kxh5 Rf6 39. Rxa7 Rxf4 40.
Rb7 Kf8 41. b5 Ke8 42. Kxh6 Kd8 43. Kg5 Rb4 44. Kf5 Kc8 45. Rb6 Kc7 46. Rc6+ Kb7 47. Rc5 Kb6 48. Re5 Rxb5 49. Rxb5+ Kxb5 1/2-1/2

[Event "Early-Titled-Tuesday-Blitz-April-02-2024"]
[Site "Chess.com"]
[Date "2024.04.02"]
[Round "8"]
[White "Beca95"]
[Black "GoltsevDmitry2000"]
[Result "1-0"]
[WhiteElo "2951"]
[BlackElo "2827"]
[TimeControl "180+1"]
[EndTime "9:28:13 PDT"]
[Termination "Beca95 won by resignation"]

1. d4 e6 2. c4 d5 3. Nc3 dxc4 4.
e4 c5 5. d5 exd5 6. Nxd5 Nf6 7.
Bxc4 Nxd5 8. Bxd5 Be7 9. Nf3 O-O 10. O-O Nc6 11. Bd2 Bg4 12. Bc3 Rc8 13. h3 Bxf3 14.
Qxf3 Nd4 15. Bxd4 cxd4 16. Rad1 Bf6 17. Qd3 b6 18. f4 Rc5 19. Bb3 g6 20. e5 Be7 21. g3 Rc7 22. h4 Kg7 23. h5 f5 24.
Rd2 g5 25. g4 gxf4 26. gxf5 Bg5 27. h6+ Kh8 28. f6 Rc5 29. Re2 Qc7 30. Qxd4 Rc1 31. Ree1 Rxe1 32. Rxe1 f3 33. Kf2 Bxh6 34. Rh1 Bg5 35. Kxf3 Bxf6 36. exf6 Qc6+ 37. Bd5 Rxf6+ 38. Ke3 Qd6 39. Rf1 Kg7 40. Qxf6+ Qxf6 41. Rxf6 Kxf6 42. Kd4 h5 43. Bf3 h4 44. Kd5 Kf5 45. Kc6 Kf4 46. Bh1 Ke3 47. Kb7 b5 48. Kxa7 Kf2 49. Kb6 Kg1 50. Bc6 b4 51. Kb5 b3 52. a4 1-0

[Event "Early-Titled-Tuesday-Blitz-April-02-2024"]
[Site "Chess.com"]
[Date "2024.04.02"]
[Round "8"]
[White "Vasily_IM"]
[Black "Sofia_Blokhin"]
[Result "0-1"]
[WhiteElo "2542"]
[BlackElo "2291"]
[TimeControl "180+1"]
[EndTime "9:28:13 PDT"]
[Termination "Sofia_Blokhin won by checkmate"]

1. d4 f5 2. Nf3 Nf6 3. g3 e6 4. Bg2 Be7 5. O-O O-O 6. c4 d5 7. Nc3 c6 8. Qc2 Ne4 9. Rb1 g5 10. b4 g4 11. Ne5 Nd7 12. Bf4 Nxe5 13. Bxe5 Nf6 14. b5 Bd7 15. bxc6 Bxc6 16. c5 Nd7 17. Bf4 Bg5 18. e3 Bxf4 19. exf4 Rf6 20. f3 h5 21.
Rfe1 Rh6 22. Nb5 Nf8 23. Nd6 Rb8 24. Re3 h4 25. fxg4 fxg4 26. f5 hxg3 27. fxe6 gxh2+ 28. Kh1 Nxe6 29. Qf5 Qf6 30. Qxg4+ Rg6 31. Qh3 Nf4 32. Rf1 Rf8 33. Ref3 Qxd4 34. Qh4 Rxg2 35. Rxf4 Qg1+ 36.
Rxg1 hxg1=Q# 0-1

[Event "Early-Titled-Tuesday-Blitz-April-02-2024"]
[Site "Chess.com"]
[Date "2024.04.02"]
[Round "8"]
[White "Navyblue1"]
[Black "Blackwhite017"]
[Result "1-0"]
[WhiteElo "2261"]
[BlackElo "2076"]
[TimeControl "180+1"]
[EndTime "9:28:13 PDT"]
[Termination "Navyblue1 won on time"]

1. d4 d5 2. c4 e6 3. Nc3 a6 4.
cxd5 exd5 5. Qc2 c6 6. Nf3 Bd6 7. Bg5 Ne7 8. e3 Bg4 9. Be2 Nd7 10. O-O h6 11. Bh4 g5 12. Bg3 Qc7 13. Bxd6 Qxd6 14.
e4 dxe4 15. Nxe4 Qg6 16. Ne5 Nxe5 17. dxe5 Bxe2 18. Nd6+ Kf8 19. Qxe2 Rb8 20. f4 g4 21. f5 Qg5 22. Ne4 Qh4 23. e6 f6 24. Rad1 Nd5 25. Nc3 g3 26. hxg3 Qxg3 27. Nxd5 cxd5 28. Rxd5 Rc8 29. Rfd1 Rg8 30. Rd8+ Rxd8 31. Rxd8+ Ke7 32. Rxg8 Qxg8 33. Qc4 Qxg2+ 34. Kxg2 1-0

[Event "Early-Titled-Tuesday-Blitz-April-02-2024"]
[Site "Chess.com"]
[Date "2024.04.02"]
[Round "8"]
[White "UK_23"]
[Black "chess123456s"]
[Result "0-1"]
[WhiteElo "2384"]
[BlackElo "2589"]
[TimeControl "180+1"]
[EndTime "9:28:15 PDT"]
[Termination "chess123456s won by resignation"]

1. e4 g6 2. d4 Bg7 3. c3 d6 4. Nf3 Nf6 5. Bd3 c6 6. O-O Nbd7 7. Re1 O-O 8. Bg5 e5 9. dxe5 dxe5 10. Qc2 Qc7 11.
Nbd2 a5 12. a4 Nc5 13. Bf1 Be6 14. Bc4 h6 15. Bxf6 Bxf6 16. Bxe6 Nxe6 17. Nc4 Rfd8 18. Rad1 h5 19. g3 Kg7 20. Kg2 h4 21. Rxd8 Rxd8 22. Rd1 Rh8 23. Qd2 Nc5 24. Qc2 hxg3 25. hxg3 Qc8 26.
Ng1 Qg4 27. f3 Qh5 28. Kf1 Qh1 29. b4 axb4 30. cxb4 Ne6 31. Qg2 Qh6 32. Na5 Nd4 33. Nxb7 Rb8 34. Nd6 Qe3 35. Qd2 Qb3 36. Kg2 Be7 37. f4 Bxd6 38. fxe5 Bxe5 39. Qg5 Bf6 40. Qf4 Qxd1 0-1

[Event "Early-Titled-Tuesday-Blitz-April-02-2024"]
[Site "Chess.com"]
[Date "2024.04.02"]
[Round "8"]
[White "TheBigBoss04"]
[Black "mishanick"]
[Result "0-1"]
[WhiteElo "2745"]
[BlackElo "3031"]
[TimeControl "180+1"]
[EndTime "9:28:16 PDT"]
[Termination "mishanick won by resignation"]

1. Nf3 d5 2. g3 g6 3. Bg2 Bg7 4. O-O e5 5. d3 Ne7 6. c3 c5 7. Nbd2 Nbc6 8. e4 h6 9. Re1 O-O 10. Qc2 b6 11. a4 Re8 12. exd5 Nxd5 13. Nc4 Ba6 14. Qb3 Bb7 15. Bd2 Qd7 16. Rad1 Rad8 17.
Bc1 Ba6 18. Nfd2 Re6 19. Bh3 f5 20. Bg2 Kh7 21. h4 Nf6 22. Nf3 Ng4 23. Ne3 Nxe3 24. Bxe3 Rd6 25. h5 gxh5 26. Nh4 Rxd3 27. Rxd3 Bxd3 28. Qd1 Ne7 29. Qxh5 Qe8 30. Qd1 c4 31. Qc1 Nd5 32. Bd4 Qe6 33. Nf3 e4 34. Ng5+ hxg5 35. Bxg7 f4 36. Bd4 Qf5 37. a5 f3 38. Bh1 Kg6 39.
Qa1 b5 40. Qa3 Rd7 41. Qc5 Rh7 42. Qd6+ Nf6 43. Qxf6+ Qxf6 44. Bxf6 Kxf6 45. Re3 g4 46. Re1 Be2 47. Ra1 Rd7 48. Kh2 Rd2 0-1

[Event "Early-Titled-Tuesday-Blitz-April-02-2024"]
[Site "Chess.com"]
[Date "2024.04.02"]
[Round "8"]
[White "SahibSinghKnight"]
[Black "Balla_Tamas"]
[Result "1-0"]
[WhiteElo "2607"]
[BlackElo "2474"]
[TimeControl "180+1"]
[EndTime "9:28:16 PDT"]
[Termination "SahibSinghKnight won by resignation"]

1. e4 c5 2. Nf3 Nc6 3. d4 cxd4 4. Nxd4 e5 5. Nb5 d6 6. N1c3 a6 7. Na3 b5 8. Nd5 Nge7 9. c4 Nxd5 10. exd5 Nd4 11.
Bd3 Be7 12. O-O O-O 13. Nc2 Nf5 14. cxb5 axb5 15. Bxb5 Qb6 16. Bd3 Bd7 17. a4 Qc5 18. Ne3 Nd4 19. Bd2 f5 20. b4 Qc7 21. Rc1 Qb7 22. b5 f4 23. Nc2 Qxd5 24. Nxd4 Qxd4 25. Qb3+ Kh8 26. Rc4 Qd5 27. Be4 Qxd2 28. Bxa8 Rxa8 29. Rc7 Rd8 30. Qf7 Bf6 31. Rxd7 Ra8 32. b6 h6 33.
b7 Rb8 34. Rc7 Kh7 35. Qxf6 1-0

[Event "Early-Titled-Tuesday-Blitz-April-02-2024"]
[Site "Chess.com"]
[Date "2024.04.02"]
[Round "8"]
[White "Actuary44"]
[Black "ansko1999"]
[Result "1-0"]
[WhiteElo "2523"]
[BlackElo "2621"]
[TimeControl "180+1"]
[EndTime "9:28:16 PDT"]
[Termination "Actuary44 won by resignation"]

1. e4 c5 2. d4 cxd4 3. c3 Nf6 4. Bd3 dxc3 5. Nxc3 Nc6 6. f4 d6 7. Nf3 Bg4 8. O-O e5 9. Kh1 Be7 10. Qe1 O-O 11. f5 d5 12. exd5 Nxd5 13. Nxd5 Qxd5 14. Be4 Qd6 15. Ng5 Bxg5 16. Bxg5 f6 17. Be3 Bh5 18. Rd1 Nd4 19. Rd2 Bf7 20. Qg3 Kh8 21. Bxd4 Qa6 22. Bd3 Qxa2 23. Bc3 Rad8 24. Bb1 Qa6 25.
Qf2 Rxd2 26. Bxd2 Rd8 27. Bc3 b5 28. h3 h6 29. Bc2 Qb7 30. Rd1 Rc8 31. Qd2 b4 32.
Bxb4 Bh5 33. Qd7 Qxd7 34. Rxd7 Rxc2 35. Rxa7 Rxb2 36. Bf8 Rb6 37. Bxg7+ Kg8 38. Bxh6 Bf7 39.
Ra8+ Kh7 40. Be3 Rb3 41. Bc5 Bd5 42. Ra7+ Kg8 43. Rd7 Rxh3+ 44. Kg1 Rd3 45. Be7 Kf7 46. Bc5+ Ke8 47. Rd6 Kf8 48. Rxd5+ 1-0

[Event "Early-Titled-Tuesday-Blitz-April-02-2024"]
[Site "Chess.com"]
[Date "2024.04.02"]
[Round "8"]
[White "EvgenyBurmakin"]
[Black "zano2023"]
[Result "1-0"]
[WhiteElo "2361"]
[BlackElo "2222"]
[TimeControl "180+1"]
[EndTime "9:28:19 PDT"]
[Termination "EvgenyBurmakin won by resignation"]

1. e4 e5 2. Nf3 d6 3. d4 f5 4. dxe5 fxe4 5. Ng5 d5 6. e6 Nh6 7.
Be3 c6 8. c4 Bb4+ 9. Nc3 Nf5 10.
Nf7 Nxe3 11. fxe3 Qf6 12. Nxh8 Bxc3+ 13. bxc3 Qxc3+ 14. Kf2 Bxe6 15. cxd5 cxd5 16. Bb5+ Nc6 17. Rc1 Qb2+ 18. Qe2 Qxe2+ 19. Kxe2 Kd7 20. Ng6 hxg6 21. Rhf1 Kd6 22. Bxc6 bxc6 23. h3 Rb8 24. Rb1 Rxb1 25. Rxb1 c5 26. Rb7 d4 27. Rxa7 d3+ 28. Kd2 Kd5 29. Kc3 Ke5 30. Rxg7 Kf6 31. Ra7 Kg5 32. a4 Kh4 33. Re7 Bd5 34. Re5 Bc6 35. a5 g5 36.
Rxc5 Ba8 37. Kd2 1-0

[Event "Early-Titled-Tuesday-Blitz-April-02-2024"]
[Site "Chess.com"]
[Date "2024.04.02"]
[Round "8"]
[White "ketster"]
[Black "ragnaroek66"]
[Result "0-1"]
[WhiteElo "2601"]
[BlackElo "2521"]
[TimeControl "180+1"]
[EndTime "9:28:20 PDT"]
[Termination "ragnaroek66 won on time"]

1. Nf3 d5 2. d4 Nf6 3. c4 e6 4. g3 Be7 5. Bg2 O-O 6. Qc2 c5 7. dxc5 d4 8. O-O Nc6 9. a3 a5 10. Bf4 Bxc5 11. Nbd2 Re8 12. Nb3 Bd6 13. Bxd6 Qxd6 14. Rfd1 e5 15. c5 Qe7 16. Ng5 h6 17. Ne4 Nxe4 18. Bxe4 a4 19. Nd2 Ra5 20. Rac1 Be6 21.
Bf5 Bxf5 22. Qxf5 Rxc5 23. Rxc5 Qxc5 24. Qd7 Qe7 25. Qd5 e4 26. Nc4 Rd8 27. Qb5 d3 28. exd3 exd3 29. Qxa4 Qe2 30. Ne3 Nd4 31. Qa5 Nf3+ 32.
Kg2 Re8 0-1

[Event "Early-Titled-Tuesday-Blitz-April-02-2024"]
[Site "Chess.com"]
[Date "2024.04.02"]
[Round "8"]
[White "N_I_Chess"]
[Black "Vesper2018"]
[Result "1-0"]
[WhiteElo "2388"]
[BlackElo "2561"]
[TimeControl "180+1"]
[EndTime "9:28:20 PDT"]
[Termination "N_I_Chess won on time"]

1. d4 Nf6 2. c4 g6 3. Nc3 Bg7 4. e4 d6 5. f4 O-O 6. Nf3 c5 7. d5 e6 8. Be2 exd5 9. cxd5 Bg4 10. O-O Re8 11. h3 Bxf3 12. Bxf3 Nbd7 13. Re1 c4 14. Be3 Rc8 15. Bxa7 b6 16. Nb5 Bf8 17. a4 Ra8 18. Qd4 Qc8 19. Kh1 Qb7 20. e5 dxe5 21. fxe5 Bc5 22.
Qc3 Nh5 23. Bxh5 gxh5 24. e6 fxe6 25. dxe6 Nf8 26. Qxc4 Re7 27. Re5 Ng6 28. Rxh5 Rxa7 29. Nxa7 Qxa7 30. Rd1 Qc7 31. Qd5 Kg7 32. Rg5 Qf4 33.
Rf5 Qe3 34. Rf7+ Rxf7 35. exf7 Qe7 36. b4 Bxb4 37. Qd4+ Qf6 38. Qxb6 Qxf7 39. Qxb4 Qf2 40. Qd4+ Qxd4 41. Rxd4 1-0

[Event "Early-Titled-Tuesday-Blitz-April-02-2024"]
[Site "Chess.com"]
[Date "2024.04.02"]
[Round "8"]
[White "emeli_chess"]
[Black "mightysmasher"]
[Result "0-1"]
[WhiteElo "2420"]
[BlackElo "2583"]
[TimeControl "180+1"]
[EndTime "9:28:21 PDT"]
[Termination "mightysmasher won by checkmate"]

1. d4 d5 2. c4 e6 3. Nc3 Nf6 4.
cxd5 exd5 5. Bg5 Be7 6. e3 c6 7. Bd3 O-O 8. Qc2 Nbd7 9. Nf3 Re8 10. O-O Nf8 11. h3 h6 12. Bh4 Ne4 13. Bxe4 Bxh4 14.
Bd3 Bf6 15. b4 Qd6 16. b5 Bd7 17. bxc6 Bxc6 18. Nb5 Qd7 19. Qb3 Ne6 20. Rfc1 Ng5 21. Nxg5 Bxg5 22. Rab1 Bf6 23. Qb4 Be7 24. Qa5 Bd8 25. Qb4 a6 26. Nc3 Be7 27. Qb6 Bd8 28. Qb3 Bc7 29. Ne2 Qd6 30. g3 Rad8 31. Qc2 Qe6 32.
Bf5 Qf6 33. h4 g6 34. Bh3 Re4 35. Bg2 Ree8 36. Rxb7 Bxb7 37. Qxc7 Ba8 38. Qa5 Rc8 39.
Rc5 Rb8 40. Bxd5 Bxd5 41. Rxd5 Qf3 42. Nf4 Rb1+ 43. Kh2 Rh1# 0-1

[Event "Early-Titled-Tuesday-Blitz-April-02-2024"]
[Site "Chess.com"]
[Date "2024.04.02"]
[Round "8"]
[White "Rutricks"]
[Black "eagleclaw07"]
[Result "0-1"]
[WhiteElo "2708"]
[BlackElo "2852"]
[TimeControl "180+1"]
[EndTime "9:28:22 PDT"]
[Termination "eagleclaw07 won by checkmate"]

1. Nc3 Nf6 2. d4 d5 3. Bf4 e6 4.
f3 Bd6 5. Bxd6 cxd6 6. e4 dxe4 7.
fxe4 e5 8. dxe5 dxe5 9. Qxd8+ Kxd8 10. Nf3 Nc6 11. O-O-O+ Ke7 12. Nd5+ Nxd5 13. exd5 e4 14. Ng5 Ne5 15. d6+ Kf6 16. Nxe4+ Kg6 17. Bb5 Rd8 18.
Rhe1 Bg4 19. Rd5 f6 20. h3 Be6 21. Rd4 Rac8 22. Kb1 h5 23. Bd3 Bf5 24. Nf2 Nxd3 25. Nxd3 Rc6 26. Nf4+ Kh6 27. Nxh5 Bxc2+ 28. Ka1 Kxh5 29. d7 Rc7 30. Re7 Bf5 31. g4+ Kh6 32. a4 Rcxd7 33. Rexd7 Rxd7 34. Rb4 Be6 35. a5 Rd1# 0-1

[Event "Early-Titled-Tuesday-Blitz-April-02-2024"]
[Site "Chess.com"]
[Date "2024.04.02"]
[Round "8"]
[White "robertoalejandro10"]
[Black "DanielSaiz01"]
[Result "0-1"]
[WhiteElo "2473"]
[BlackElo "2301"]
[TimeControl "180+1"]
[EndTime "9:28:22 PDT"]
[Termination "DanielSaiz01 won on time"]

1. Nf3 c5 2. c4 Nc6 3. g3 g6 4. Bg2 Bg7 5. O-O e6 6. Nc3 Nge7 7.
b3 d5 8. cxd5 exd5 9. Bb2 d4 10.
Na4 b6 11. e3 Ba6 12. Re1 O-O 13. exd4 cxd4 14. Rc1 Rc8 15. Ba3 Re8 16. Nb2 Qd7 17. Nc4 Bxc4 18. Rxc4 Nf5 19. Bb2 d3 20. Bxg7 Kxg7 21.
Qa1+ f6 22. Rec1 Ncd4 23. Nxd4 Nxd4 24. Rxc8 Rxc8 25. Rxc8 Ne2+ 26. Kf1 Qxc8 27. Bf3 Qc1+ 28. Qxc1 Nxc1 0-1

[Event "Early-Titled-Tuesday-Blitz-April-02-2024"]
[Site "Chess.com"]
[Date "2024.04.02"]
[Round "8"]
[White "PavelChernomordik"]
[Black "nikitakhoroshev"]
[Result "1/2-1/2"]
[WhiteElo "2439"]
[BlackElo "2576"]
[TimeControl "180+1"]
[EndTime "9:28:24 PDT"]
[Termination "Game drawn by agreement"]

1. e4 e5 2. Nf3 Nc6 3. Bb5 a6 4.
Ba4 Nf6 5. d3 b5 6. Bb3 Be7 7.
a4 Bb7 8. O-O O-O 9. Nc3 b4 10.
Nd5 Na5 11. Nxe7+ Qxe7 12. Ba2 Rab8 13. Bg5 c5 14. h3 b3 15. Bxb3 Nxb3 16. cxb3 Bc6 17.
Nd2 h6 18. Be3 d5 19. f3 Rfc8 20. Rc1 Ba8 21. Re1 Nd7 22. exd5 Bxd5 23. Rc3 Qe6 24. Qc2 Qg6 25. Rc1 Be6 26. Kh2 Bf5 27. Ne4 Be6 28. Nxc5 Nxc5 29. Rxc5 Rxc5 30. Qxc5 Rxb3 31.
Qxe5 Qxd3 32. Bd4 Qg6 33. Rc6 Rd3 34. Bc3 Rd5 35. Qg3 Rg5 36. Qf2 a5 37. Ra6 1/2-1/2

[Event "Early-Titled-Tuesday-Blitz-April-02-2024"]
[Site "Chess.com"]
[Date "2024.04.02"]
[Round "8"]
[White "Chernov_Alexander_A"]
[Black "LuisFSiles"]
[Result "1/2-1/2"]
[WhiteElo "2220"]
[BlackElo "2350"]
[TimeControl "180+1"]
[EndTime "9:28:24 PDT"]
[Termination "Game drawn by repetition"]

1. d4 Nf6 2. Nf3 g6 3. g3 Bg7 4. Bg2 O-O 5. O-O d6 6. Nc3 d5 7. Ne5 c6 8. e4 dxe4 9. Nxe4 Nxe4 10. Bxe4 Bh3 11. Re1 Nd7 12. Nxd7 Qxd7 13. c3 h5 14. Qb3 h4 15. Bf4 Be6 16. Qc2 h3 17. Rad1 Bd5 18. f3 f5 19. Bxd5+ Qxd5 20. Qb3 Qxb3 21. axb3 Kf7 22.
Be5 Bxe5 23. Rxe5 e6 24. Rde1 Rfe8 25. b4 Rad8 26. Kf2 Rd5 27. f4 Rxe5 28. Rxe5 Kf6 29.
Kf3 g5 30. fxg5+ Kxg5 31. g4 Rf8 32. gxf5 Rxf5+ 33. Rxf5+ exf5 34. Kg3 b5 35. Kxh3 Kf4 36.
Kg2 Ke3 37. h4 Kf4 38. Kh3 a6 39. b3 Ke3 40. Kg2 Ke2 41. Kg3 Ke3 42. Kg2 Ke2 43. Kg3 Ke3 44. Kg2 1/2-1/2

[Event "Early-Titled-Tuesday-Blitz-April-02-2024"]
[Site "Chess.com"]
[Date "2024.04.02"]
[Round "8"]
[White "Caracal3000"]
[Black "gpsji27"]
[Result "1-0"]
[WhiteElo "2541"]
[BlackElo "2330"]
[TimeControl "180+1"]
[EndTime "9:28:25 PDT"]
[Termination "Caracal3000 won by resignation"]

1. e4 e5 2. Nf3 Nc6 3. Nc3 Nf6 4. d4 exd4 5. Nxd4 Bb4 6. Nxc6 bxc6 7. Bd3 d5 8. Bd2 O-O 9. O-O Bxc3 10. Bxc3 Nxe4 11.
Bxe4 dxe4 12. Qe2 Bf5 13. Qe3 Qe7 14. Qf4 Bg6 15. Rad1 Rad8 16. Qe3 f5 17. Qxa7 Ra8 18. Qd4 Rxa2 19. Qc4+ Bf7 20. Qxc6 e3 21. fxe3 Qxe3+ 22. Kh1 f4 23. Qxc7 h6 24. Qxf4 Qxf4 25. Rxf4 Bg6 26.
Rg4 Kh7 27. h3 Ra6 28. Rd7 Rg8 29. Rc4 Bxc2 30. Rcc7 Rg6 31. Bxg7 R8xg7 32. Rxg7+ Rxg7 33. Rxc2 Rb7 34. Kg1 Kg6 35. Kf1 Rf7+ 36. Ke1 Re7+ 37. Kd1 Rd7+ 38. Kc1 Re7 39. b4 Kg5 40. b5 Kh4 41. b6 Rb7 42. Rb2 Kg3 43. Kb1 h5 44. Ka2 h4 45. Ka3 Rb8 46. b7 Kf4 47. Ka4 Kg3 48. Ka5 Kf4 49. Ka6 1-0

[Event "Early-Titled-Tuesday-Blitz-April-02-2024"]
[Site "Chess.com"]
[Date "2024.04.02"]
[Round "8"]
[White "LeoLV10"]
[Black "David_George21"]
[Result "1-0"]
[WhiteElo "2507"]
[BlackElo "2344"]
[TimeControl "180+1"]
[EndTime "9:28:25 PDT"]
[Termination "LeoLV10 won on time"]

1. e4 c5 2. Nf3 d6 3. d4 cxd4 4.
Nxd4 Nf6 5. Nc3 Nc6 6. Bg5 e6 7. Qd3 Bd7 8. f4 a6 9. Nf3 Be7 10. O-O-O Nb4 11. Qe3 Qa5 12. a3 Nc6 13. e5 dxe5 14.
fxe5 Ng4 15. Qd2 Bxg5 16. Qxg5 Ngxe5 17. Qxg7 O-O-O 18. Qf6 Rhg8 19. Nxe5 Nxe5 20. Kb1 Bc6 21. Rxd8+ Rxd8 22. Be2 Bxg2 23. Re1 Rd2 24. Bxa6 Nf3 25. Re3 Qxa6 26. Rxf3 Bxf3 27. Qxf3 Rxh2 28. a4 f5 29. b3 Qc6 30. Qe3 f4 31. Qxf4 Rh1+ 32. Kb2 Rh3 33. Qf8+ Kc7 34. Nb5+ 1-0